 Dungeon Crawl Stone Soup version 0.28.0-45-g0d030f2227 (webtiles) character file.

Game seed: 17147668739850197764

68 zeratav the Insei (level 4, -2/29 HPs)
             Began as an Octopode Transmuter on Apr 9, 2022.
             Slain by an orc wizard
             ... wielding a +0 dagger
              (5 damage)
             ... on level 3 of the Dungeon.
             The game lasted 00:03:24 (2802 turns).

zeratav the Insei (Octopode Transmuter)             Turns: 2802, Time: 00:03:25

Health: -2/29      AC:  1    Str:  9    XL:     4   Next: 19%
Magic:  7/7        EV: 13    Int: 15    God:
Gold:   96         SH:  0    Dex: 14    Spells: 6/7 levels left

rFire   . . .      SeeInvis .     - Unarmed
rCold   . . .      Faith    .   (no shield)
rNeg    . . .      Spirit   .   (helmet restricted)
rPois   .          Reflect  .   (no amulet)
rElec   .          Harm     .   (no ring)
rCorr   .          Rampage  .   (no ring)
Will    .....                   (no ring)
Stlth   +++.......              (no ring)
HPRegen 0.09/turn               (no ring)
MPRegen 0.10/turn               (no ring)
                                (no ring)
                                (no ring)

@: no status effects
A: almost no armour, amphibious, 8 rings, camouflage 1, gelatinous body 1,
(nimble swimmer 1), tentacles
a: no special abilities


You were on level 3 of the Dungeon.
You visited 1 branch of the dungeon, and saw 3 of its levels.

You collected 96 gold pieces.


Innate Abilities, Weirdness & Mutations

You cannot wear most types of armour.
You are amphibious.
You can wear up to eight rings at the same time.
Your skin changes colour to match your surroundings (Stealth+).
Your rubbery body absorbs attacks. (AC +1, EV +1)
((You are camouflaged when in or above water. (Stealth+)))
You have tentacles for arms and can constrict up to eight enemies at once.


   Skills:
 + Level 1.8 Fighting
 + Level 2.5 Dodging
 + Level 2.2 Stealth
 * Level 3.8 Unarmed Combat
 - Level 2.0 Spellcasting
 - Level 2.0 Transmutations


You had 6 spell levels left.
You knew the following spells:

 Your Spells              Type           Power      Damage    Failure   Level
a - Beastly Appendage     Tmut           14%        N/A       10%         1

Your spell library contained the following spells:

 Spells                   Type           Power      Damage    Failure   Level
 Wereblood                Tmut           7%         N/A       14%         2
 Static Discharge         Conj/Air       1%         N/A       32%         2
 Spider Form              Tmut/Pois      4%         N/A       41%         3
 Ice Form                 Ice/Tmut       4%         N/A       82%         4
 Lightning Bolt           Conj/Air       0%         1d11      99%         5
 Maxwell's Capacitive Co  Air            0%         ∞         100%        8

Inventory:

Scrolls
 a - a scroll of blinking {unknown}
 c - 3 scrolls of enchant armour {unknown}
 d - a scroll of immolation {unknown}
 e - a scroll of magic mapping {unknown}
 f - 2 scrolls of identify {unknown}
 h - a scroll of vulnerability {unknown}
 i - a scroll of fear {unknown}
Potions
 b - a potion of heal wounds {unknown}
 g - a potion of cancellation {unknown}
 j - a potion of ambrosia {unknown}
 k - a potion of degeneration {unknown}
 l - a potion of lignification {unknown}

Dungeon Overview and Level Annotations

Branches:
Dungeon (3/15)

Altars:
Hepliaklqana .. .## .r. So#

#h# #o# <. #{# #
..# #@##.##..
##.## ####.)......
#...# #.......###.
#>..# #.#####..#
#...####.#### ..#
#...#.......# .#
######...#.##.##.#
# #.............#
#
..................


You could see 2 orcs, a quokka, a jackal and a ball python.


Message History

A quokka is nearby!
One of your tentacles grows a vicious spike.
MP[-1]
You lost 1 mp, and now have 6/7 mp.
Your transformation is almost over.
Found a stone staircase leading down.
Found a stone staircase leading up.
The quokka misses you.
You tentacle-slap the quokka.
You kill the quokka!
No target in view!
No target in view!
No target in view!
No target in view!
No target in view!
No target in view!
No target in view!
No target in view!
No target in view!
No target in view!
No target in view!
Your tentacle spike disappears. 3 orcs come into view.
MP[+1]
Your mp is fully restored (7).
One of your tentacles grows a vicious spike.
MP[-1]
You lost 1 mp, and now have 6/7 mp.
An orc wizard comes into view. It is wielding a +0 dagger.
The orc wizard shouts!
The orc shouts! x2; You hear a bark! x2
You hear a shout!
You hear an angry hiss.
A jackal comes into view.
The orc closely misses you.
You barely miss the orc. You grab the orc. You constrict the orc.
The orc hits you with a +0 war axe.
The orc wizard mumbles some strange words.
The orc wizard flickers and vanishes!
Deactivating autopickup; reactivate with Ctrl-A.
You tentacle-slap the orc but do no damage.
You pierce the orc, but do no damage.
You squeeze the orc, but do no damage. You constrict the orc.
A kobold comes into view. It is wielding a +0 short sword.
The orc completely misses you.
HP[-5]
You take 5 damage, and now have 24/29 hp.
You tentacle-slap the orc. You squeeze the orc.
You kill the orc!
A ball python comes into view.
The ball python hisses angrily.
You tentacle-slap the kobold. Your grab misses the kobold.
You pierce the kobold.
You kill the kobold!
Your transformation is almost over.
Something hits you.
You closely miss something. Something completely misses you.
You barely miss something. Something hits you.
HP[-1]
You take 1 damage, and now have 23/29 hp.
You closely miss something. Something hits you.
HP[-3]
You take 3 damage, and now have 20/29 hp.
You closely miss something.
You hear some strange, mumbled words.
A magic dart appears from out of thin air!
The magic dart hits you.
You tentacle-slap something.
A quokka comes into view.
Something hits you.
* * * LOW HITPOINT WARNING * * *
You barely miss something.
Your tentacle spike misses something.
Your squeeze misses something. Something hits you.
* * * LOW HITPOINT WARNING * * *
You miss something. Something hits you.
* * * LOW HITPOINT WARNING * * *
You are too injured to fight recklessly!
You are too injured to fight recklessly!
You are too injured to fight recklessly!
HP[-14] MP[+1]
You take 14 damage, and now have 6/29 hp.
MASSIVE DAMAGE!! (PAUSE)
Your mp is fully restored (7).
You are too injured to fight recklessly!
You are too injured to fight recklessly!
You are too injured to fight recklessly!
You tentacle-slap something.
You pierce something.
Your squeeze misses something. You miss something.
Your tentacle spike misses something.
Your squeeze misses something. Something hits you but does no damage.
You tentacle-slap something.
Your tentacle spike misses something.
Your tentacle-slap misses something.
Your tentacle spike disappears.
Something hits you.
* * * LOW HITPOINT WARNING * * *
HP[-1]
You take 1 damage, and now have 5/29 hp.
You miss something. Something hits you.
* * * LOW HITPOINT WARNING * * *
HP[-3]
You take 3 damage, and now have 2/29 hp.
You miss something. Your squeeze misses something. Something hits you.
You die...

Skill      XL: |  1  2  3 |
---------------+----------+-----
Stealth        | 1 2 |  2.2
Fighting       | |  1.8
Dodging        | |  2.5
Unarmed Combat | |  3.8
Spellcasting   | |  2.0
Transmutations | |  2.0

Action                   |  1- 3 |  4- 6 || total
-------------------------+-------+-------++-------
Melee: Unarmed           |    76 |    24 ||   100
       Kick              |    19 |     5 ||    24
       Tentacles         |     9 |     3 ||    12
       Constrict         |    18 |     4 ||    22
       Punch             |     2 |       ||     2
 Cast: Beastly Appendage |    27 |     6 ||    33
 Stab: Sleeping          |     9 |     1 ||    10
Armor: Skin              |     8 |     1 ||     9
Dodge: Dodged            |    37 |     6 ||    43

Levels and vault maps discovered:
D:1:      saegor_arrival_miasma, layout_basic,
          shapermc_ecumenical_altar_rom_forum
D:2:      layout_basic, basic_altar
D:3:      layout_loops_cross, hangedman_decor_peaks_small

Notes
Turn   | Place    | Note
-------+----------+-------------------------------------------
     0 | D:1      | zeratav the Octopode Transmuter began the quest for the
                  | Orb.
     0 | D:1      | Reached XP level 1. HP: 13/13 MP: 3/3
     0 | D:1      | magus.rc [v1.9.6]
   416 | D:1      | Reached XP level 2. HP: 14/18 MP: 3/5
   430 | D:1      | Reached skill level 1 in Stealth
  1045 | D:1      | Reached XP level 3. HP: 22/23 MP: 4/6
  1088 | D:1      | Found a faded altar of an unknown god.
  1096 | D:1      | HP: 4/23 [hobgoblin (2)]
  1103 | D:1      | HP: 4/23 [frilled lizard (1)]
  1400 | D:1      | Got Plato's Incunabulum of Moulding
  1821 | D:2      | Reached skill level 2 in Stealth
  1963 | D:2      | Found a hazy altar of Hepliaklqana.
  2348 | D:2      | Reached XP level 4. HP: 24/29 MP: 5/7
  2401 | D:2      | You pick up a book of Lightning and begin reading...
  2401 | D:2      | You add the spells Static Discharge, Lightning Bolt and
                  | Maxwell's Capacitive Coupling to your library.
  2797 | D:3      | HP: 6/29 [something (3)]
  2801 | D:3      | HP: 2/29 [something (3)]
  2802 | D:3      | Slain by an orc wizard

Vanquished Creatures
  2 adders (D:2)
  An orc (D:3)
  5 ball pythons
  6 bats (D:1)
  5 endoplasms
  3 goblins (D:1)
  5 hobgoblins
  5 kobolds
  5 quokkas
  5 frilled lizards
  2 rats (D:1)
44 creatures vanquished.

Table legend:
 A = Non-vault XP
 B = Vault XP
 C = Vault XP percentage of total XP
 D = Non-vault monster count
 E = Vault monster count
 F = Vault count percentage of total count
                 A         B        C        D         E       F
            +---------+---------+-------+---------+---------+-------
      Total |      98 |       0 |   0.0 |      44 |       0 |   0.0
            +---------+---------+-------+---------+---------+-------
        D:1 |      50 |       0 |   0.0 |      29 |       0 |   0.0
        D:2 |      42 |       0 |   0.0 |      12 |       0 |   0.0
        D:3 |       6 |       0 |   0.0 |       3 |       0 |   0.0
            +---------+---------+-------+---------+---------+-------

Illustrated notes

Table legend:
 A = Kills in this place as a percentage of kills in entire the game.
 B = Kills by you in this place as a percentage of kills by you in the entire game.
 C = Kills by friends in this place as a percentage of kills by friends in the entire game.
 D = Other kills in this place as a percentage of other kills in the entire game.
 E = Experience gained in this place as a percentage of experience gained in the entire game.
 F = Experience gained in this place divided by the number of levels of this place that you have seen.
                   A       B       C       D       E      F
               +-------+-------+-------+-------+-------+----------------------
         Total | 100.0 | 100.0 |   N/A |   N/A | 100.0 |  32.7
       Dungeon | 100.0 | 100.0 |   N/A |   N/A | 100.0 |  32.7
               +-------+-------+-------+-------+-------+----------------------

Table legend: (Time is in decaauts)
 A = Elapsed time spent in this place.
 B = Non-inter-level travel time spent in this place.
 C = Inter-level travel time spent in this place.
 D = Time resting spent in this place.
 E = Time spent auto-exploring this place.
 F = Levels seen in this place.
 G = Mean time per level.
                   A        B        C        D        E       F      G
               +--------+--------+--------+--------+--------+-----+--------+
         Total |   2794 |   2731 |     63 |    282 |   2132 |   3 |  931.3 |
       Dungeon |   2794 |   2731 |     63 |    282 |   2132 |   3 |  931.3 |
               +--------+--------+--------+--------+--------+-----+--------+

Top non-repeatable levels by time:
     D:1: 1566 daAuts
     D:2: 1189 daAuts
     D:3: 39 daAuts
